 Dungeon Crawl Stone Soup version 0.21-a0-113-g6841d05 (webtiles) character file.

87 Charly the Skirmisher (level 4, -1/49 HPs)
             Began as an Ogre Hunter on July 12, 2017.
             Killed from afar by a white imp (5 damage)
             ... with a puff of frost
             ... summoned by Natasha
             ... on level 4 of the Dungeon.
             The game lasted 00:05:11 (466 turns).

Charly the Skirmisher (Ogre Hunter)                  Turns: 466, Time: 00:05:11

Health: -1/49      AC:  3    Str: 16    XL:     4   Next: 51%
Magic:  4/4        EV: 12    Int: 12    God:
Gold:   19         SH:  0    Dex: 10    Spells: 3/3 levels left

rFire    . . .     SeeInvis .   a - +0 short sword (drain)
rCold    . . .     Gourm    .   (no shield)
rNeg     . . .     Faith    .   b - +0 robe
rPois    .         Spirit   .   (helmet restricted)
rElec    .         Reflect  .   (no cloak)
rCorr    .         Harm     .   (gloves unavailable)
MR       .....                  (boots unavailable)
Stlth    +.........             (no amulet)
HPRegen  0.16/turn              e - +2 ring of evasion
MPRegen  0.09/turn              q - +1 ring of slaying

@: no status effects
A: unfitting armour, tough skin 1
a: no special abilities


You were on level 4 of the Dungeon.
You were not hungry.

You visited 1 branch of the dungeon, and saw 5 of its levels.

You collected 19 gold pieces.

Inventory:

Hand Weapons
 a - a +0 short sword of draining (weapon)
 h - a +0 short sword
Missiles
 c - 3 large rocks (quivered)
 g - 15 poisoned needles
Armour
 b - a +0 robe (worn)
Jewellery
 e - a +2 ring of evasion (left hand)
 f - an uncursed ring of protection from fire
 q - a +1 ring of slaying (right hand)
Scrolls
 k - 2 scrolls of teleportation {unknown}
 l - a scroll of enchant weapon {unknown}
 p - 2 scrolls of random uselessness {unknown}
 s - a scroll of identify {unknown}
 u - a scroll of magic mapping {unknown}
Potions
 i - a potion of cancellation {unknown}
 j - a potion of lignification {unknown}
 m - a potion of mutation {unknown}
 t - a potion of curing {unknown}
 v - a potion of degeneration {unknown}
Books
 n - a book of Minor Magic

   Spells                             Type                      Level
   a - Magic Dart                     Conjuration                  1
   b - Blink                          Translocation                2
   c - Call Imp                       Summoning                    2
   d - Slow                           Hexes                        2
   e - Conjure Flame                  Conjuration/Fire             3
   f - Mephitic Cloud                 Conjuration/Poison/Air       3
Comestibles
 o - 4 bread rations
 r - a meat ration


   Skills:
 + Level 4.5 Fighting
 - Level 4.0 Throwing
 - Level 1.7 Dodging
 - Level 0.6 Stealth
 + Level 2.5 Unarmed Combat


You had 3 spell levels left.
You didn't know any spells.

Dungeon Overview and Level Annotations

Branches:
Dungeon (5/15)
 Temple: D:4-7

Altars:

Annotations:
D:4 Natasha


Innate Abilities, Weirdness & Mutations

You are too large for most types of armour.
You have tough skin. (AC +1)


Message History

The white imp freezes you.
* * * LOW HITPOINT WARNING * * *
Natasha mumbles some strange words.
You barely miss Natasha.
Natasha is almost dead.
The white imp hits you.
* * * LOW HITPOINT WARNING * * *
The white imp freezes you.
* * * LOW HITPOINT WARNING * * *
Natasha completely misses you. The white imp hits you.
* * * LOW HITPOINT WARNING * * *
The white imp freezes you.
* * * LOW HITPOINT WARNING * * *
Unknown command.
You completely miss Natasha.
Natasha is almost dead.
Natasha claws you but does no damage. The crimson imp closely misses you.
The white imp gestures at you. The puff of frost hits you!
You die...

#....... #......
#.............
#............#
#............# ..
#.(..##......# ...
###..(##(.....##...
#...5@##...%.......
#...h5.............
+........<........ .
#.((..........##. ..
##....##......# ...
.##....##......##..<.
h.......'.....s....... #
.........#.............
#..........#.......##....


You could see Natasha, a crimson imp, a white imp and a giant cockroach
(wandering).

Vanquished Creatures
  A hound (D:4)
  A worker ant (D:4)
  An adder (D:4)
  A dart slug (D:2)
  A leopard gecko (D:1)
  An orc (D:4)
  A giant cockroach (D:2)
  3 goblins
  3 hobgoblins
  3 jackals (D:1)
  A kobold (D:1)
  3 bats
  2 frilled lizards
22 creatures vanquished.

Notes
Turn   | Place    | Note
-------+----------+-------------------------------------------
     0 | D:1      | Charly the Ogre Hunter began the quest for the Orb.
     0 | D:1      | Reached XP level 1. HP: 22/22 MP: 1/1
    31 | D:1      | +2ev
    54 | D:1      | Reached skill level 1 in Unarmed Combat
    64 | D:1      | Reached XP level 2. HP: 19/29 MP: 2/2
   397 | D:4      | Reached XP level 3. HP: 38/39 MP: 3/3
   432 | D:4      | Noticed Natasha
   439 | D:4      | Reached XP level 4. HP: 43/48 MP: 4/4
   441 | D:5      | Entered Level 5 of the Dungeon
   466 | D:4      | Killed from afar by a white imp

Vault maps used:
D:1:      zelgadis_glass_arrival_small
D:2:      first_bread, uniq_sigmund
D:3:      wad_pebble_path, serial_bayou_lake_a, uniq_robin,
          uniq_crazy_yiuf_cottage
D:4:      minmay_temple_entry_overgrown, uniq_ijyb, uniq_natasha
D:5:      xom_confusion_cloud

Skill      XL: |  1  2  3 |
---------------+----------+-----
Unarmed Combat | 1 2 |  2.5
Fighting       | 3 4 |  4.5
Throwing       | |  4.0
Dodging        | |  1.7
Stealth        | |  0.6

Action                   |  1- 3 |  4- 6 || total
-------------------------+-------+-------++-------
Melee: Short sword       |    53 |    19 ||    72
Throw: Large rock        |     2 |     2 ||     4
       Throwing net      |       |     2 ||     2
 Stab: Held in net/web   |       |     1 ||     1
Armor: Robe              |    15 |     5 ||    20
Dodge: Dodged            |    34 |    15 ||    49
